 Dungeon Crawl Stone Soup version 0.26-a0-412-ga3d1f51b80 (webtiles) character file.

Game seed: 15592422773333957937

147 Misa the Covered (level 5, -1/33 HPs)
             Began as a Gargoyle Fighter on July 24, 2020.
             Slain by a river rat (6 damage)
             ... in a sewer.
             The game lasted 00:04:18 (2079 turns).

Misa the Covered (Gargoyle Fighter)                 Turns: 2079, Time: 00:04:19

Health: -1/33      AC: 15    Str: 20    XL:     5   Next: 29%
Magic:  5/5        EV:  7    Int:  9    God:
Gold:   122        SH:  9    Dex:  9    Spells: 4/4 levels left

rFire    . . .     SeeInvis .   a - +0 flail
rCold    . . .     Faith    .   c - +0 kite shield
rNeg     + . .     Spirit   .   b - +0 scale mail
rPois    ∞         Reflect  .   (no helmet)
rElec    +         Harm     .   p - +2 cloak
rCorr    .                      g - +0 pair of gloves
MR       .....                  (no boots)
Stlth    ..........             (no amulet)
HPRegen  0.11/turn              m - ring of attention (curse)
MPRegen  0.09/turn              (no ring)

@: no status effects
A: negative energy resistance 1, electricity resistance, unbreathing,
petrification resistance, rot immunity, AC +4
a: no special abilities


You were in a sewer.
You visited 1 branch of the dungeon, and saw 3 of its levels.
You also visited: Sewer.

You collected 122 gold pieces.

Inventory:

Hand Weapons
 a - a +0 flail (weapon)
 j - a +0 spear
Armour
 b - a +0 scale mail (worn)
 c - a +0 kite shield (worn)
 g - a +0 pair of gloves (worn)
 p - a +2 cloak (worn)
Jewellery
 m - a cursed ring of attention (left hand)
Scrolls
 e - a scroll of remove curse {unknown}
 f - 2 scrolls of blinking {unknown}
 h - 3 scrolls of identify {unknown}
 i - a scroll of immolation {unknown}
 l - 2 scrolls of amnesia {unknown}
 n - a scroll of enchant armour {unknown}
Potions
 d - a potion of might
 k - 2 potions of mutation {unknown}
 o - 2 potions of heal wounds {unknown}


   Skills:
 + Level 4.2 Fighting
 + Level 3.2 Maces & Flails
 + Level 4.2 Armour
 + Level 4.2 Shields


You had 4 spell levels left.
You didn't know any spells.
Your spell library was empty.

Dungeon Overview and Level Annotations

Branches:
Dungeon (3/15)              Sewer (1/1)

Altars:
Qazlal
Xom


Innate Abilities, Weirdness & Mutations

You are resistant to torment.
Your stone body is resilient. (AC +4)
You are immune to poison.
You resist negative energy. (rN+)
You are resistant to electric shocks. (rElec)
You can survive without breathing.
You are immune to petrification.
You are immune to rotting.


Message History

The river rat is moderately wounded.
The river rat bites you.
* * * LOW HITPOINT WARNING * * *
You block the river rat's attack.
Things that are here:
a river rat corpse; a rat corpse You hit the river rat.
The river rat is heavily wounded.
The river rat bites you but does no damage.
Things that are here:
a river rat corpse; a rat corpse You closely miss the river rat.
The river rat is heavily wounded.
The river rat bites you but does no damage.
Things that are here:
a river rat corpse; a rat corpse You hit the river rat.
The river rat is heavily wounded.
The river rat bites you.
You die...

#≈#
#≈#
#≈#
#.#
#.#
#.#
#.#
#@#
#r#
#∩#
#.#
#∩#
#.#
#.#
#.#
#.#


You could see a river rat.

Vanquished Creatures
  Crazy Yiuf (D:2)
  2 adders
  2 river rats (Sewer)
  2 worms
  A dart slug (D:3)
  3 leopard geckos
  A ball python (D:1)
  3 giant cockroaches
  11 goblins
  8 hobgoblins
  8 jackals
  4 kobolds
  8 bats
  4 frilled lizards
  13 rats
  A fungus (D:1)
72 creatures vanquished.

Notes
Turn   | Place    | Note
-------+----------+-------------------------------------------
     0 | D:1      | Misa the Gargoyle Fighter began the quest for the Orb.
     0 | D:1      | Reached XP level 1. HP: 14/14 MP: 1/1
   347 | D:1      | Reached XP level 2. HP: 18/19 MP: 2/2
   670 | D:1      | Reached XP level 3. HP: 21/23 MP: 3/3
   923 | D:2      | Found a shimmering altar of Xom.
  1304 | D:2      | Found a stormy altar of Qazlal.
  1391 | D:2      | Found a faded altar of an unknown god.
  1394 | D:2      | Reached XP level 4. HP: 29/29 MP: 4/4
  1678 | D:2      | Found a runed translucent door.
  1679 | D:2      | Noticed Crazy Yiuf
  1686 | D:2      | Killed Crazy Yiuf
  1929 | D:3      | Reached XP level 5. HP: 33/33 MP: 5/5
  2050 | D:3      | Found a glowing drain.
  2054 | Sewer    | Entered a sewer
  2079 | Sewer    | Slain by a river rat

Illustrated notes

Levels and vault maps discovered:
D:1:      dpeg_arrival_water_fire, layout_rooms
D:2:      layout_loops_ring, nicolae_overflow_crystal_walls,
          nicolae_qazlal_general_emergency,
          chequers_ecumenical_altar_simple_redux, minmay_rat_gold_closets,
          uniq_crazy_yiuf_cottage
D:3:      layout_basic, gup_sewer_entry_spiral
Sewer:    sewer_kobolds

Skill      XL: |  1  2  3  4 |
---------------+-------------+-----
Fighting       | 4 |  4.2
Armour         | 4 |  4.2
Shields        | 4 |  4.2
Maces & Flails | 3 |  3.2

Action                   |  1- 3 |  4- 6 || total
-------------------------+-------+-------++-------
Melee: Flail             |   181 |   114 ||   295
Armor: Scale mail        |   104 |    55 ||   159
Dodge: Dodged            |    80 |    39 ||   119
Block: Kite shield       |   103 |    47 ||   150

Table legend: (Time is in decaauts)
 A = Elapsed time spent in this place.
 B = Non-inter-level travel time spent in this place.
 C = Inter-level travel time spent in this place.
 D = Time resting spent in this place.
 E = Time spent auto-exploring this place.
 F = Levels seen in this place.
 G = Mean time per level.
                   A        B        C        D        E       F      G
               +--------+--------+--------+--------+--------+-----+--------+
         Total |   2197 |   2106 |     91 |     86 |   1236 |   4 |  549.2 |
       Dungeon |   2165 |   2074 |     91 |     86 |   1236 |   3 |  721.7 |
         Sewer |     31 |     31 |      0 |      0 |      0 |   1 |   31.0 |
               +--------+--------+--------+--------+--------+-----+--------+

Top non-repeatable levels by time:
     D:2: 968 daAuts
     D:1: 922 daAuts
     D:3: 275 daAuts
   Sewer: 31 daAuts
